TOP OF THE 1ST |
Salem Rebels batting - Pitching for Greensboro Hornets : RHP Allen Morlock
|
Pitching: RHP Allen Morlock
|
|
Batting: LHB John Gibbons
|
0-0: Ball 1-0: Foul Ball, location: 2F 1-1: Ball 2-1: Called Strike 2-2: Strikes out swinging
|
Batting: RHB Daniel Szajko
|
0-0: Swinging Strike 0-1: Fly out, F8 (Flyball, 8LS, EV 80.6 MPH)
|
Batting: LHB Thomas Krupa
|
0-0: Called Strike 0-1: Called Strike 0-2: Ball 1-2: Ball 2-2: Strikes out swinging
|
Top of the 1st over - 0 runs, 0 hits, 0 errors, 0 left on base; Salem 0 - Greensboro 0 |
BOTTOM OF THE 1ST |
Greensboro Hornets batting - Pitching for Salem Rebels : RHP John Hessler
|
Pitching: RHP John Hessler
|
|
Batting: RHB Armando Moreno
|
0-0: Ball 1-0: Ball 2-0: Called Strike 2-1: Foul Ball, location: 2F 2-2: Strikes out swinging
|
Batting: SHB Valentino Primante
|
0-0: Ball 1-0: Ball 2-0: Foul Ball, location: 2F 2-1: Ball 3-1: Ground out 5-3 (Groundball, 56, EV 85.0 MPH)
|
Batting: LHB Fernando Vazquez
|
0-0: Ball 1-0: Called Strike 1-1: Foul Ball, location: 2F 1-2: Ball 2-2: Foul Ball, location: 2F 2-2: Fly out, F7 (Flyball, 78D, EV 89.4 MPH)
|
Bottom of the 1st over - 0 runs, 0 hits, 0 errors, 0 left on base; Salem 0 - Greensboro 0 |
TOP OF THE 2ND |
Salem Rebels batting - Pitching for Greensboro Hornets : RHP Allen Morlock
|
Batting: RHB Jorge Monroig
|
0-0: Ball 1-0: Called Strike 1-1: Foul Ball, location: 2F 1-2: Strikes out swinging
|
Batting: RHB Robert O'Connor
|
0-0: Ball 1-0: Ball 2-0: SINGLE (Groundball, 4M, EV 103.1 MPH) (infield hit)
|
Batting: RHB Melvin Williams
|
0-0: Called Strike 0-1: Ball Wild Pitch! Robert O'Connor to second 1-1: Called Strike 1-2: Strikes out swinging, 2-3 out at first.
|
Batting: RHB Gary Leslie
|
0-0: Ball 1-0: Ball 2-0: Ball 3-0: Base on Balls
|
Batting: SHB Rodrigo Bellony
|
0-0: Called Strike 0-1: Called Strike 0-2: Ground out U3 (Groundball, 3, EV 109.4 MPH)
|
Top of the 2nd over - 0 runs, 1 hit, 0 errors, 2 left on base; Salem 0 - Greensboro 0 |
BOTTOM OF THE 2ND |
Greensboro Hornets batting - Pitching for Salem Rebels : RHP John Hessler
|
Batting: RHB Greg Jelks
|
0-0: Ball 1-0: DOUBLE (Line Drive, 3D, EV 100.0 MPH)
|
Batting: LHB Francisco Melendez
|
0-0: SINGLE (Groundball, 56D, EV 108.1 MPH) Greg Jelks to third
|
Batting: RHB Bernardo Brito
|
0-0: Ball 1-0: Fly out, F9 (Flyball, 89S, EV 83.1 MPH)
|
Batting: LHB John Hughes
|
0-0: Ball 1-0: Ball Francisco Melendez steals 2nd base 2-0: Swinging Strike 2-1: Called Strike 2-2: Foul Ball, location: 2F 2-2: Ball 3-2: Base on Balls
|
Batting: RHB Alexis Infante
|
0-0: SINGLE (Groundball, 56D, EV 101.9 MPH) Greg Jelks scores Francisco Melendez to third John Hughes to second Runner from 3rd tries for Home, SAFE, throw by LF to home
|
Batting: RHB John Lohse
|
0-0: SINGLE (Line Drive, 4MD, EV 105.6 MPH) John Hughes to third Alexis Infante to second Runner from 3rd tries for Home, SAFE, throw by CF to home
|
Batting: RHB Armando Moreno
|
0-0: Called Strike 0-1: Ball Alexis Infante steals 3rd base John Lohse to second 1-1: Ball 2-1: Foul Ball, location: 2F 2-2: Ground out 6-3 (Groundball, 6M, EV 103.8 MPH) Alexis Infante scores John Lohse to third
|
Batting: SHB Valentino Primante
|
0-0: Foul Ball, location: 2F 0-1: Swinging Strike 0-2: Ball 1-2: Foul Ball, location: 2F 1-2: Ground out 6-3 (Groundball, 6M, EV 82.5 MPH)
|
Bottom of the 2nd over - 4 runs, 4 hits, 0 errors, 1 left on base; Salem 0 - Greensboro 4 |
TOP OF THE 3RD |
Salem Rebels batting - Pitching for Greensboro Hornets : RHP Allen Morlock
|
Batting: RHB Mark Krynitsky
|
0-0: Ball 1-0: Ball 2-0: Fly out, F5 (Line Drive, 5, EV 67.5 MPH)
|
Batting: LHB John Gibbons
|
0-0: Ball 1-0: Ball 2-0: Ball 3-0: Base on Balls
|
Batting: RHB Daniel Szajko
|
0-0: Ball 1-0: Foul Ball, location: 2F 1-1: Fly out, F7 (Line Drive, 7, EV 103.8 MPH)
|
Batting: LHB Thomas Krupa
|
0-0: Foul Ball, location: 2F 0-1: DOUBLE (Flyball, 8LXD, EV 98.8 MPH) John Gibbons to third Runner from 3rd tries for Home, SAFE, no throw by CF
|
Batting: RHB Jorge Monroig
|
0-0: Foul Ball, location: 2F 0-1: Fly out, F4 (Popup, 4M, EV 58.8 MPH)
|
Top of the 3rd over - 1 run, 1 hit, 0 errors, 1 left on base; Salem 1 - Greensboro 4 |
BOTTOM OF THE 3RD |
Greensboro Hornets batting - Pitching for Salem Rebels : RHP John Hessler
|
Batting: LHB Fernando Vazquez
|
0-0: Called Strike 0-1: Ball 1-1: Swinging Strike 1-2: Ball 2-2: Strikes out swinging
|
Batting: RHB Greg Jelks
|
0-0: Swinging Strike 0-1: Ball 1-1: DOUBLE (Line Drive, 9LS, EV 94.4 MPH)
|
Batting: LHB Francisco Melendez
|
0-0: Called Strike 0-1: Called Strike 0-2: Ground out 6-3 (Groundball, 6, EV 84.4 MPH)
|
Batting: RHB Bernardo Brito
|
0-0: Called Strike 0-1: Ball 1-1: Fly out, F9 (Flyball, 9, EV 76.9 MPH)
|
Bottom of the 3rd over - 0 runs, 1 hit, 0 errors, 1 left on base; Salem 1 - Greensboro 4 |
TOP OF THE 4TH |
Salem Rebels batting - Pitching for Greensboro Hornets : RHP Allen Morlock
|
Batting: RHB Robert O'Connor
|
0-0: Ball 1-0: Called Strike 1-1: Swinging Strike 1-2: Ball 2-2: Fly out, F7 (Flyball, 7S, EV 83.8 MPH)
|
Batting: RHB Melvin Williams
|
0-0: DOUBLE (Line Drive, 7LM, EV 103.8 MPH)
|
Batting: RHB Gary Leslie
|
0-0: Ball 1-0: Ball 2-0: Called Strike 2-1: Called Strike 2-2: Ball 3-2: Foul Ball, location: 2F 3-2: Foul Ball, location: 2F 3-2: Ground out 6-3 (Groundball, 6, EV 87.5 MPH)
|
Batting: SHB Rodrigo Bellony
|
0-0: Fly out, F5 (Popup, 56S, EV 65.0 MPH)
|
Top of the 4th over - 0 runs, 1 hit, 0 errors, 1 left on base; Salem 1 - Greensboro 4 |
BOTTOM OF THE 4TH |
Greensboro Hornets batting - Pitching for Salem Rebels : RHP John Hessler
|
Batting: LHB John Hughes
|
0-0: Called Strike 0-1: Foul Ball, location: 2F 0-2: Ball 1-2: Ground out 4-3 (Groundball, 4, EV 107.5 MPH)
|
Batting: RHB Alexis Infante
|
0-0: Ball 1-0: Called Strike 1-1: Swinging Strike 1-2: Ground out 4-3 (Groundball, 4, EV 83.8 MPH)
|
Batting: RHB John Lohse
|
0-0: Ball 1-0: DOUBLE (Line Drive, 7LM, EV 100.0 MPH)
|
Batting: RHB Armando Moreno
|
0-0: Foul Ball, location: 2F 0-1: Ball 1-1: Called Strike 1-2: Ball 2-2: DOUBLE (Flyball, 5D, EV 90.0 MPH) John Lohse scores
|
Batting: SHB Valentino Primante
|
0-0: Ball 1-0: Ball 2-0: Foul Ball, location: 2F 2-1: Ball 3-1: Foul Ball, location: 2F 3-2: Base on Balls
|
Batting: LHB Fernando Vazquez
|
0-0: Called Strike 0-1: Ground out U3 (Groundball, 3, EV 85.6 MPH)
|
Bottom of the 4th over - 1 run, 2 hits, 0 errors, 2 left on base; Salem 1 - Greensboro 5 |
TOP OF THE 5TH |
Salem Rebels batting - Pitching for Greensboro Hornets : RHP Allen Morlock
|
Batting: RHB Mark Krynitsky
|
0-0: Ball 1-0: Ball 2-0: Ball 3-0: Base on Balls
|
Batting: LHB John Gibbons
|
0-0: Foul Ball, location: 2F 0-1: Called Strike 0-2: Fielders Choice at 2nd, 3-6 (Groundball, 3, EV 100.0 MPH)
|
Batting: RHB Daniel Szajko
|
0-0: Called Strike 0-1: Ball 1-1: Called Strike John Gibbons is caught stealing 2nd base 2-4 1-2: Strikes out swinging
|
Top of the 5th over - 0 runs, 0 hits, 0 errors, 0 left on base; Salem 1 - Greensboro 5 |
BOTTOM OF THE 5TH |
Greensboro Hornets batting - Pitching for Salem Rebels : RHP John Hessler
|
Batting: RHB Greg Jelks
|
0-0: Ball 1-0: Ball 2-0: Ball 3-0: Base on Balls
|
Batting: LHB Francisco Melendez
|
0-0: Ball 1-0: Ball 2-0: Called Strike 2-1: Ball 3-1: Base on Balls Greg Jelks to second
|
Batting: RHB Bernardo Brito
|
0-0: Foul Ball, location: 2F 0-1: Ball 1-1: Ball Wild Pitch! Greg Jelks to third Francisco Melendez to second 2-1: Ball 3-1: Base on Balls
|
Batting: LHB John Hughes
|
0-0: TRIPLE (Flyball, 78XD, EV 96.3 MPH) Greg Jelks scores Francisco Melendez scores Bernardo Brito scores
|
Pitching: RHP Carlos Montijo
|
|
Batting: RHB Alexis Infante
|
0-0: Ball 1-0: Swinging Strike 1-1: Swinging Strike 1-2: Ground out 3-1 (Groundball, 34, EV 81.3 MPH) John Hughes scores
|
Batting: RHB John Lohse
|
0-0: Fly out, F8 (Flyball, 8RD, EV 86.9 MPH)
|
Batting: RHB Armando Moreno
|
0-0: Foul Ball, location: 2F 0-1: Called Strike 0-2: SINGLE (Groundball, 56D, EV 98.8 MPH)
|
Batting: SHB Valentino Primante
|
0-0: Called Strike 0-1: Swinging Strike 0-2: Foul Ball, location: 2F 0-2: Foul Ball, location: 2F 0-2: Ball 1-2: Foul Ball, location: 2F 1-2: Ground out U3 (Groundball, 3L, EV 86.3 MPH)
|
Bottom of the 5th over - 4 runs, 2 hits, 0 errors, 1 left on base; Salem 1 - Greensboro 9 |
TOP OF THE 6TH |
Salem Rebels batting - Pitching for Greensboro Hornets : RHP Allen Morlock
|
Batting: LHB Thomas Krupa
|
0-0: Ball 1-0: Ball 2-0: Ball 3-0: Called Strike 3-1: Swinging Strike 3-2: Strikes out swinging
|
Batting: RHB Jorge Monroig
|
0-0: Foul Ball, location: 2F 0-1: Swinging Strike 0-2: Foul Ball, location: 2F 0-2: Ball 1-2: Ball 2-2: Ball 3-2: Strikes out swinging
|
Batting: RHB Robert O'Connor
|
0-0: Foul Ball, location: 2F 0-1: Ball 1-1: Foul Ball, location: 2F 1-2: Foul Ball, location: 2F 1-2: Strikes out looking
|
Top of the 6th over - 0 runs, 0 hits, 0 errors, 0 left on base; Salem 1 - Greensboro 9 |
BOTTOM OF THE 6TH |
Greensboro Hornets batting - Pitching for Salem Rebels : RHP Carlos Montijo
|
Batting: LHB Fernando Vazquez
|
0-0: Ball 1-0: Swinging Strike 1-1: Foul Ball, location: 2F 1-2: Strikes out swinging
|
Batting: RHB Greg Jelks
|
0-0: Called Strike 0-1: Ball 1-1: Swinging Strike 1-2: Strikes out swinging
|
Batting: LHB Francisco Melendez
|
0-0: Swinging Strike 0-1: Swinging Strike 0-2: Strikes out looking
|
Bottom of the 6th over - 0 runs, 0 hits, 0 errors, 0 left on base; Salem 1 - Greensboro 9 |
TOP OF THE 7TH |
Salem Rebels batting - Pitching for Greensboro Hornets : RHP Allen Morlock
|
Pinch Hitting: RHB David Smith
|
0-0: Ball 1-0: Ball 2-0: Ball 3-0: Called Strike 3-1: Called Strike 3-2: Foul Ball, location: 2F 3-2: Strikes out swinging
|
Batting: RHB Gary Leslie
|
0-0: Ball 1-0: SINGLE (Groundball, 56S, EV 69.4 MPH) (infield hit)
|
Pinch Hitting: RHB Frank Wren
|
0-0: Called Strike 0-1: Called Strike 0-2: Reached on error, E5 (Groundball, 5S, EV 95.6 MPH) Gary Leslie to second
|
Batting: RHB Mark Krynitsky
|
0-0: Called Strike 0-1: Foul Ball, location: 2F 0-2: Foul Ball, location: 2F 0-2: Strikes out swinging
|
Batting: LHB John Gibbons
|
0-0: Ball 1-0: Ball 2-0: Called Strike 2-1: Swinging Strike 2-2: Ball 3-2: SINGLE (Line Drive, 34D, EV 93.8 MPH) Gary Leslie to third Frank Wren to second Gary Leslie scores Frank Wren to third
|
Pitching: LHP Ken Angulo
|
|
Batting: RHB Daniel Szajko
|
0-0: Called Strike 0-1: Ball 1-1: SINGLE (Flyball, 8LS, EV 93.1 MPH) Frank Wren scores John Gibbons to second
|
Batting: LHB Thomas Krupa
|
0-0: Ball 1-0: Reached on error, E4 (Groundball, 4, EV 92.5 MPH) John Gibbons to third Daniel Szajko to second
|
Batting: RHB Jorge Monroig
|
0-0: Called Strike 0-1: Ball 1-1: Called Strike 1-2: Ball 2-2: Ball 3-2: Fly out, F7 (Flyball, 78XD, EV 108.8 MPH)
|
Top of the 7th over - 2 runs, 3 hits, 2 errors, 3 left on base; Salem 3 - Greensboro 9 |
BOTTOM OF THE 7TH |
Greensboro Hornets batting - Pitching for Salem Rebels : RHP Carlos Montijo
|
Now at 2B: Frank Wren
|
|
Now in RF: David Smith
|
|
Batting: RHB Bernardo Brito
|
0-0: Ball 1-0: Swinging Strike 1-1: Called Strike 1-2: Foul Ball, location: 2F 1-2: Foul Ball, location: 2F 1-2: Foul Ball, location: 2F 1-2: Foul Ball, location: 2F 1-2: Foul Ball, location: 2F 1-2: Strikes out swinging
|
Batting: LHB John Hughes
|
0-0: Ball 1-0: Swinging Strike 1-1: Ball 2-1: Ball 3-1: Foul Ball, location: 2F 3-2: SINGLE (Line Drive, 56, EV 94.4 MPH)
|
Batting: RHB Alexis Infante
|
0-0: Called Strike 0-1: Called Strike 0-2: Ball 1-2: Fielders Choice at 2nd, 6-4 (Groundball, 6, EV 84.4 MPH)
|
Batting: RHB John Lohse
|
0-0: Ground out 6-3 (Groundball, 6S, EV 75.0 MPH)
|
Bottom of the 7th over - 0 runs, 1 hit, 0 errors, 1 left on base; Salem 3 - Greensboro 9 |
TOP OF THE 8TH |
Salem Rebels batting - Pitching for Greensboro Hornets : LHP Ken Angulo
|
Batting: RHB Robert O'Connor
|
0-0: Ball 1-0: Ground out 5-3 (Groundball, 56, EV 79.4 MPH)
|
Batting: RHB David Smith
|
0-0: SINGLE (Groundball, P, EV 86.9 MPH) (infield hit)
|
Batting: RHB Gary Leslie
|
0-0: Ball 1-0: Foul Ball, location: 2F 1-1: Ball 2-1: Ball 3-1: SINGLE (Groundball, 34D, EV 95.6 MPH) David Smith to second Runner from 2nd tries for 3rd, SAFE, no throw by RF
|
Batting: RHB Frank Wren
|
0-0: Ball 1-0: Fielders Choice at 2nd, 5-4 (Groundball, 56, EV 88.8 MPH) David Smith scores
|
Batting: RHB Mark Krynitsky
|
0-0: Ball 1-0: Called Strike 1-1: Called Strike 1-2: Ball 2-2: Foul Ball, location: 2F 2-2: Ball 3-2: Base on Balls Frank Wren to second
|
Batting: LHB John Gibbons
|
0-0: Swinging Strike 0-1: Ball 1-1: Foul Ball, location: 2F 1-2: Foul Ball, location: 2F 1-2: Ball 2-2: Strikes out swinging
|
Top of the 8th over - 1 run, 2 hits, 0 errors, 2 left on base; Salem 4 - Greensboro 9 |
BOTTOM OF THE 8TH |
Greensboro Hornets batting - Pitching for Salem Rebels : RHP Carlos Montijo
|
Batting: RHB Armando Moreno
|
0-0: Called Strike 0-1: Ball 1-1: Fly out, F7 (Flyball, 7LM, EV 91.3 MPH)
|
Batting: SHB Valentino Primante
|
0-0: Foul Ball, location: 2F 0-1: SINGLE (Line Drive, 34D, EV 105.0 MPH)
|
Batting: LHB Fernando Vazquez
|
0-0: Foul Ball, location: 2F 0-1: Ball 1-1: Ball 2-1: Swinging Strike 2-2: Single, Error in OF, E9, batter to second base (Groundball, 34D, EV 109.4 MPH) Valentino Primante to third
|
Pitching: RHP Paul Randolph
|
|
Batting: RHB Greg Jelks
|
0-0: Called Strike 0-1: SINGLE (Groundball, 4MD, EV 108.1 MPH) Valentino Primante scores Fernando Vazquez to third
|
Batting: LHB Francisco Melendez
|
0-0: Called Strike 0-1: DOUBLE (Line Drive, 5D, EV 95.6 MPH) Fernando Vazquez scores Greg Jelks to third Runner from 3rd tries for Home, SAFE, throw by LF to home
|
Batting: RHB Bernardo Brito
|
0-0: Ball 1-0: Foul Ball, location: 2F 1-1: Called Strike 1-2: Foul Ball, location: 2F 1-2: Strikes out swinging
|
Batting: LHB John Hughes
|
0-0: Ball 1-0: Ball 2-0: Ball 3-0: Base on Balls
|
Batting: RHB Alexis Infante
|
0-0: Fielders Choice at 2nd, 6-4 (Groundball, 6, EV 103.8 MPH)
|
Bottom of the 8th over - 3 runs, 4 hits, 1 error, 2 left on base; Salem 4 - Greensboro 12 |
TOP OF THE 9TH |
Salem Rebels batting - Pitching for Greensboro Hornets : LHP Ken Angulo
|
Batting: RHB Daniel Szajko
|
0-0: Ball 1-0: Called Strike 1-1: Fly out, F9 (Flyball, 9S, EV 88.8 MPH)
|
Pinch Hitting: SHB Michael O'Reilly
|
0-0: Ball 1-0: Foul Ball, location: 2F 1-1: Ground out 6-3 (Groundball, 6, EV 101.9 MPH)
|
Batting: RHB Jorge Monroig
|
0-0: Called Strike 0-1: Ground out 4-3 (Groundball, 4D, EV 98.1 MPH)
|
Top of the 9th over - 0 runs, 0 hits, 0 errors, 0 left on base; Salem 4 - Greensboro 12 |
|